 Dungeon Crawl Stone Soup version 0.24.1 (webtiles) character file.

Game seed: 6632108193735194470, levelgen mode: deterministic

53 Destapler the Insei (level 3, 0/28 HPs)
             Began as a Gnoll Transmuter on Mar 27, 2020.
             Succumbed to a worker ant's poison
             ... on level 2 of the Dungeon.
             The game lasted 00:03:33 (954 turns).

Destapler the Insei (Gnoll Transmuter)               Turns: 954, Time: 00:03:33

Health: 0/28       AC:  2    Str: 17    XL:     3   Next: 87%
Magic:  9/9        EV: 15    Int: 16    God:
Gold:   66         SH:  0    Dex: 15    Spells: 8/12 levels left

rFire    . . .     SeeInvis .     - Unarmed
rCold    . . .     Gourm    .   (no shield)
rNeg     . . .     Faith    .   b - +0 robe
rPois    .         Spirit   .   (no helmet)
rElec    .         Reflect  .   (no cloak)
rCorr    .         Harm     .   (no gloves)
MR       .....                  (boots currently unavailable)
Stlth    ++........             (no amulet)
HPRegen  0.09/turn              (no ring)
MPRegen  0.11/turn              (no ring)

@: mighty, lethally poisoned (0 -> -6), appendage (expiring)
A: distributed training, fangs 1, talons 3, strong nose
a: End Transformation


You were on level 2 of the Dungeon.
You were not hungry.
You had grown temporary talons.
You visited 1 branch of the dungeon, and saw 2 of its levels.

You collected 66 gold pieces.

Inventory:

Missiles
 a - 12 arrows
 e - 3 boomerangs (quivered)
 g - 71 stones
 j - 9 poisoned darts
Armour
 b - a +0 robe (worn)
Scrolls
 c - a scroll of fog {unknown}
 f - 2 scrolls of teleportation {unknown}
 k - a scroll of enchant weapon {unknown}
 l - a scroll of blinking {unknown}
Potions
 i - a potion of curing {unknown}
Comestibles
 d - a ration


   Skills:
 + Level 2.6 Fighting
 + Level 1.0 Short Blades
 + Level 1.0 Long Blades
 + Level 1.0 Axes
 + Level 1.0 Maces & Flails
 + Level 1.0 Polearms
 + Level 1.0 Staves
 + Level 1.0 Slings
 + Level 1.0 Bows
 + Level 1.0 Crossbows
 + Level 1.0 Throwing
 + Level 1.0 Armour
 + Level 4.6 Dodging
 + Level 1.0 Stealth
 + Level 1.0 Shields
 + Level 6.5 Unarmed Combat
 + Level 5.0 Spellcasting
 + Level 0.7 Conjurations
 + Level 0.7 Hexes
 + Level 0.7 Charms
 + Level 0.7 Summonings
 + Level 0.7 Necromancy
 + Level 0.7 Translocations
 + Level 3.8 Transmutations
 + Level 0.7 Fire Magic
 + Level 0.7 Ice Magic
 + Level 0.7 Air Magic
 + Level 0.7 Earth Magic
 + Level 0.7 Poison Magic
 + Level 1.0 Invocations
 + Level 1.0 Evocations


You had 8 spell levels left.
You knew the following spells:

 Your Spells              Type           Power        Failure   Level  Hunger
a - Beastly Appendage     Tmut           ###...       3%          1    None
s - Spider Form           Tmut/Pois      ##........   19%         3    ###....

Your spell library contained the following spells:

 Spells                   Type           Power        Failure   Level  Hunger
 Sticks to Snakes         Tmut           ###.....     4%          2    #......
 Ice Form                 Ice/Tmut       ##......     52%         4    ####...
 Blade Hands              Tmut           ###.......   65%         5    ######.


Dungeon Overview and Level Annotations

Branches:
Dungeon (2/15)

Altars:


Innate Abilities, Weirdness & Mutations

Your experience applies equally to all skills.
You have very sharp teeth.
Your uncanny sense of smell can sniff out nearby items.
You have claws for feet.


Message History

The worker ant bites you.
* * * LOW HITPOINT WARNING * * *
You punch the worker ant!
You kill the worker ant!
Your Short Blades skill increases to level 1!
Your Long Blades skill increases to level 1!
Your Axes skill increases to level 1!
Your Maces & Flails skill increases to level 1!
Your Polearms skill increases to level 1!
Your Staves skill increases to level 1!
Your Slings skill increases to level 1!
Your Bows skill increases to level 1!
Your Crossbows skill increases to level 1!
Your Throwing skill increases to level 1!
Your Armour skill increases to level 1!
Your Stealth skill increases to level 1!
Your Shields skill increases to level 1!
Your Invocations skill increases to level 1!
Your Evocations skill increases to level 1!
Your transformation is almost over.
You die...

#.# ######### #.#
#.........# #.#
#.........#
#.###########.........#
#.##.......##.........#
#.##.......##.........#
#.##.......##.........#
#.##.......##.........#
#..†.......>'.@†......#
####........#........?#
########.#.........#
#.####..##### #.. .....
#### ##..## #.# .#


There were no monsters in sight!

Vanquished Creatures
  A worker ant (D:2)
  An adder (D:2)
  A giant cockroach (D:1)
  2 goblins (D:1)
  3 hobgoblins (D:1)
  3 kobolds
  5 bats
  A rat (D:1)
17 creatures vanquished.

Notes
Turn   | Place    | Note
-------+----------+-------------------------------------------
     0 | D:1      | Destapler the Gnoll Transmuter began the quest for the Orb.
     0 | D:1      | Reached XP level 1. HP: 17/17 MP: 6/6
   144 | D:1      | Reached XP level 2. HP: 23/23 MP: 7/7
   913 | D:2      | Reached XP level 3. HP: 27/28 MP: 7/9
   915 | D:2      | Reached skill level 5 in Spellcasting
   934 | D:2      | Learned a level 3 spell: Spider Form
   953 | D:2      | HP: 1/28 [worker ant (4)]
   954 | D:2      | Reached skill level 1 in Short Blades
   954 | D:2      | Reached skill level 1 in Long Blades
   954 | D:2      | Reached skill level 1 in Axes
   954 | D:2      | Reached skill level 1 in Maces & Flails
   954 | D:2      | Reached skill level 1 in Polearms
   954 | D:2      | Reached skill level 1 in Staves
   954 | D:2      | Reached skill level 1 in Slings
   954 | D:2      | Reached skill level 1 in Bows
   954 | D:2      | Reached skill level 1 in Crossbows
   954 | D:2      | Reached skill level 1 in Throwing
   954 | D:2      | Reached skill level 1 in Armour
   954 | D:2      | Reached skill level 1 in Stealth
   954 | D:2      | Reached skill level 1 in Shields
   954 | D:2      | Reached skill level 1 in Invocations
   954 | D:2      | Reached skill level 1 in Evocations
   954 | D:2      | Succumbed to a worker ant's poison

Levels and vault maps discovered:
D:1:      minmay_arrival_stair_chambers, layout_loops_corners
D:2:      layout_basic, gammafunk_temple_overflow_arena, cheibrodos_gnoll_hut

Skill      XL: |  1  2  3 |
---------------+----------+-----
Spellcasting   | 5 |  5.0
Short Blades   | 1 |  1.0
Long Blades    | 1 |  1.0
Axes           | 1 |  1.0
Maces & Flails | 1 |  1.0
Polearms       | 1 |  1.0
Staves         | 1 |  1.0
Slings         | 1 |  1.0
Bows           | 1 |  1.0
Crossbows      | 1 |  1.0
Throwing       | 1 |  1.0
Armour         | 1 |  1.0
Stealth        | 1 |  1.0
Shields        | 1 |  1.0
Invocations    | 1 |  1.0
Evocations     | 1 |  1.0
Fighting       | |  2.6
Dodging        | |  4.6
Unarmed Combat | |  6.5
Conjurations   | |  0.7
Hexes          | |  0.7
Charms         | |  0.7
Summonings     | |  0.7
Necromancy     | |  0.7
Translocations | |  0.7
Transmutations | |  3.8
Fire Magic     | |  0.7
Ice Magic      | |  0.7
Air Magic      | |  0.7
Earth Magic    | |  0.7
Poison Magic   | |  0.7

Action                   || total
-------------------------++-------
Melee: Unarmed           ||    57
       Bite              ||     7
       Kick              ||     3
       Headbutt          ||     1
 Cast: Beastly Appendage ||     6
  Use: Potion            ||     1
 Stab: Sleeping          ||     2
Armor: Robe              ||     8
Dodge: Dodged            ||    39
